TOP OF THE 1ST |
Phoenix Giants batting - Pitching for San Jose Missions : RHP Tim Reynolds
|
Pitching: RHP Tim Reynolds
|
|
Batting: LHB Gordon Hahn
|
0-0: Ball 1-0: Called Strike 1-1: Ground out 6-3 (Groundball, 6M, EV 102.5 MPH)
|
Batting: LHB Bobby V Mitchell
|
0-0: SINGLE (Groundball, 6S, EV 71.9 MPH) (infield hit)
|
Batting: LHB Ernie Riles
|
0-0: Ball 1-0: Grounds into double play, 4-6-3 (Groundball, 34, EV 102.5 MPH)
|
Top of the 1st over - 0 runs, 1 hit, 0 errors, 0 left on base; Phoenix 0 - San Jose 0 |
BOTTOM OF THE 1ST |
San Jose Missions batting - Pitching for Phoenix Giants : LHP Robert Blake
|
Pitching: LHP Robert Blake
|
|
Batting: SHB Curt Bryan
|
0-0: Ground out 6-3 (Groundball, 6S, EV 82.5 MPH)
|
Batting: RHB Pablo Cardiel
|
0-0: Foul Ball, location: 2F 0-1: Foul Ball, location: 2F 0-2: Ball 1-2: Fly out, F9 (Flyball, 89D, EV 79.4 MPH)
|
Batting: SHB Bip Roberts
|
0-0: Ball 1-0: Ground out U3 (Groundball, 3, EV 86.3 MPH)
|
Bottom of the 1st over - 0 runs, 0 hits, 0 errors, 0 left on base; Phoenix 0 - San Jose 0 |
TOP OF THE 2ND |
Phoenix Giants batting - Pitching for San Jose Missions : RHP Tim Reynolds
|
Batting: SHB John Macauley
|
0-0: Called Strike 0-1: Ball 1-1: Ball 2-1: Fly out, F8 (Flyball, 89XD, EV 85.6 MPH)
|
Batting: RHB Paul Zuvella
|
0-0: Fly out, F9 (Line Drive, 9, EV 91.9 MPH)
|
Batting: LHB Joseph Bruno
|
0-0: Ball 1-0: Swinging Strike 1-1: Foul Ball, location: 2F 1-2: Ball 2-2: Ground out 1-3 (Groundball, 13S, EV 71.3 MPH)
|
Top of the 2nd over - 0 runs, 0 hits, 0 errors, 0 left on base; Phoenix 0 - San Jose 0 |
BOTTOM OF THE 2ND |
San Jose Missions batting - Pitching for Phoenix Giants : LHP Robert Blake
|
Batting: SHB David Piller
|
0-0: Foul Ball, location: 2F 0-1: Ball 1-1: Fly out, F3 (Popup, 23F, EV 81.3 MPH)
|
Batting: RHB Ozzie Virgil
|
0-0: Ball 1-0: Foul Ball, location: 2F 1-1: Ball 2-1: Ball 3-1: Called Strike 3-2: Foul Ball, location: 2F 3-2: Base on Balls
|
Batting: LHB Marvell Wynne
|
0-0: Foul Ball, location: 2F 0-1: Foul Ball, location: 2F 0-2: Ball 1-2: SINGLE (Groundball, 3S, EV 71.9 MPH) (infield hit) Ozzie Virgil to second
|
Batting: LHB Steven Michael
|
0-0: Ball 1-0: Ball 2-0: Ball 3-0: Base on Balls Ozzie Virgil to third Marvell Wynne to second
|
Batting: RHB Paul Runge
|
0-0: TRIPLE (Flyball, 8LXD, EV 106.9 MPH) Ozzie Virgil scores Marvell Wynne scores Steven Michael scores
|
Batting: LHB Jesus Valerio
|
0-0: Called Strike 0-1: Ball 1-1: Fly out, F8 (Flyball, 8LD, EV 91.9 MPH) Runner from 3rd tags up, SCORES, no throw by CF
|
Batting: SHB Curt Bryan
|
0-0: Called Strike 0-1: Swinging Strike 0-2: Ground out 6-3 (Groundball, 6, EV 87.5 MPH)
|
Bottom of the 2nd over - 4 runs, 2 hits, 0 errors, 0 left on base; Phoenix 0 - San Jose 4 |
TOP OF THE 3RD |
Phoenix Giants batting - Pitching for San Jose Missions : RHP Tim Reynolds
|
Batting: RHB Adam Veldman
|
0-0: Called Strike 0-1: Ball 1-1: SINGLE (Groundball, 5D, EV 98.1 MPH)
|
Batting: LHB Frank Gill
|
0-0: Ball 1-0: Grounds into double play, 4-6-3 (Groundball, 4, EV 111.3 MPH)
|
Batting: RHB Tom Wieghaus
|
0-0: Ball 1-0: Called Strike 1-1: Called Strike 1-2: Ball 2-2: Foul Ball, location: 2F 2-2: Strikes out swinging
|
Top of the 3rd over - 0 runs, 1 hit, 0 errors, 0 left on base; Phoenix 0 - San Jose 4 |
BOTTOM OF THE 3RD |
San Jose Missions batting - Pitching for Phoenix Giants : LHP Robert Blake
|
Batting: RHB Pablo Cardiel
|
0-0: Ball 1-0: Foul Ball, location: 2F 1-1: Ball 2-1: Called Strike 2-2: SINGLE (Groundball, 25, EV 71.9 MPH) (infield hit)
|
Batting: SHB Bip Roberts
|
0-0: Ball 1-0: Ball Pablo Cardiel steals 2nd, throwing error, E2 Pablo Cardiel to third 2-0: Called Strike 2-1: Swinging Strike 2-2: Ball 3-2: Foul Ball, location: 2F 3-2: SINGLE (Line Drive, 4MD, EV 103.8 MPH) Pablo Cardiel scores
|
Batting: SHB David Piller
|
0-0: Ball 1-0: Foul Ball, location: 2F 1-1: Ball 2-1: Ball 3-1: Foul Ball, location: 2F 3-2: Strikes out swinging
|
Batting: RHB Ozzie Virgil
|
0-0: Called Strike 0-1: Ball 1-1: Ball 2-1: Ball 3-1: Base on Balls Bip Roberts to second
|
Pitching: RHP Terry Cornutt
|
|
Batting: LHB Marvell Wynne
|
0-0: Called Strike 0-1: Fly out, F7 (Flyball, 7D, EV 105.0 MPH) Runner from 2nd tags up, SAFE at 3rd, no throw by LF
|
Batting: LHB Steven Michael
|
0-0: Ball 1-0: Ball 2-0: Swinging Strike 2-1: Ball 3-1: Called Strike 3-2: Base on Balls Ozzie Virgil to second
|
Batting: RHB Paul Runge
|
0-0: Called Strike 0-1: Ball 1-1: Ball 2-1: Ball 3-1: Called Strike 3-2: Base on Balls Bip Roberts scores Ozzie Virgil to third Steven Michael to second
|
Batting: LHB Jesus Valerio
|
0-0: Called Strike 0-1: Swinging Strike 0-2: Strikes out swinging
|
Bottom of the 3rd over - 2 runs, 2 hits, 1 error, 3 left on base; Phoenix 0 - San Jose 6 |
TOP OF THE 4TH |
Phoenix Giants batting - Pitching for San Jose Missions : RHP Tim Reynolds
|
Batting: LHB Gordon Hahn
|
0-0: Called Strike 0-1: Ball 1-1: Foul Ball, location: 2F 1-2: Strikes out swinging
|
Batting: LHB Bobby V Mitchell
|
0-0: Fly out, F8 (Flyball, 8LD, EV 90.6 MPH)
|
Batting: LHB Ernie Riles
|
0-0: Ball 1-0: Ball 2-0: Ball 3-0: Base on Balls
|
Batting: SHB John Macauley
|
0-0: Called Strike 0-1: Ground out 4-3 (Groundball, 4MS, EV 92.5 MPH)
|
Top of the 4th over - 0 runs, 0 hits, 0 errors, 1 left on base; Phoenix 0 - San Jose 6 |
BOTTOM OF THE 4TH |
San Jose Missions batting - Pitching for Phoenix Giants : RHP Terry Cornutt
|
Batting: SHB Curt Bryan
|
0-0: Ball 1-0: Called Strike 1-1: Ball 2-1: Swinging Strike 2-2: Strikes out swinging
|
Batting: RHB Pablo Cardiel
|
0-0: Hit by Pitch
|
Batting: SHB Bip Roberts
|
0-0: Reached on error, E6 (Groundball, 6M, EV 91.9 MPH) Pablo Cardiel to second
|
Batting: SHB David Piller
|
0-0: Ball 1-0: Foul Ball, location: 2F 1-1: Fly out, F9 (Flyball, 9D, EV 102.5 MPH) Runner from 2nd tags up, SAFE at 3rd, no throw by RF
|
Batting: RHB Ozzie Virgil
|
0-0: Ball 1-0: Foul Ball, location: 2F 1-1: Called Strike 1-2: Fly out, F7 (Flyball, 78D, EV 84.4 MPH)
|
Bottom of the 4th over - 0 runs, 0 hits, 1 error, 2 left on base; Phoenix 0 - San Jose 6 |
TOP OF THE 5TH |
Phoenix Giants batting - Pitching for San Jose Missions : RHP Tim Reynolds
|
Batting: RHB Paul Zuvella
|
0-0: Ball 1-0: Called Strike 1-1: SINGLE (Groundball, 4MD, EV 104.4 MPH)
|
Batting: LHB Joseph Bruno
|
0-0: Ball Paul Zuvella steals 2nd base 1-0: Ball 2-0: Called Strike 2-1: Called Strike 2-2: Foul Ball, location: 2F 2-2: Ground out 5-3 (Groundball, 15, EV 90.6 MPH)
|
Batting: RHB Adam Veldman
|
0-0: Ball 1-0: Ball 2-0: Ball 3-0: Base on Balls
|
Batting: LHB Frank Gill
|
0-0: Swinging Strike 0-1: Ball 1-1: Foul Ball, location: 2F 1-2: Ball 2-2: Fly out, F7 (Flyball, 78S, EV 75.6 MPH)
|
Batting: RHB Tom Wieghaus
|
0-0: Called Strike 0-1: Ball 1-1: Fielders Choice at 2nd, 6-4 (Groundball, 6, EV 100.0 MPH)
|
Top of the 5th over - 0 runs, 1 hit, 0 errors, 2 left on base; Phoenix 0 - San Jose 6 |
BOTTOM OF THE 5TH |
San Jose Missions batting - Pitching for Phoenix Giants : RHP Terry Cornutt
|
Batting: LHB Marvell Wynne
|
0-0: Ball 1-0: Swinging Strike 1-1: Ground out 2-3 (Groundball, 15S, EV 70.0 MPH)
|
Batting: LHB Steven Michael
|
0-0: Called Strike 0-1: Foul Ball, location: 2F 0-2: Strikes out swinging
|
Batting: RHB Paul Runge
|
0-0: Ball 1-0: Foul Ball, location: 2F 1-1: Ball 2-1: Fly out, F9 (Flyball, 9S, EV 88.1 MPH)
|
Bottom of the 5th over - 0 runs, 0 hits, 0 errors, 0 left on base; Phoenix 0 - San Jose 6 |
TOP OF THE 6TH |
Phoenix Giants batting - Pitching for San Jose Missions : RHP Tim Reynolds
|
Batting: LHB Gordon Hahn
|
0-0: Called Strike 0-1: Foul Ball, location: 2F 0-2: Ball 1-2: Strikes out swinging
|
Batting: LHB Bobby V Mitchell
|
0-0: Ball 1-0: Ground out 6-3 (Groundball, 4MS, EV 89.4 MPH)
|
Batting: LHB Ernie Riles
|
0-0: DOUBLE (Line Drive, 8RXD, EV 98.8 MPH)
|
Batting: SHB John Macauley
|
0-0: Foul Ball, location: 2F 0-1: Fly out, F7 (Line Drive, 7S, EV 98.1 MPH)
|
Top of the 6th over - 0 runs, 1 hit, 0 errors, 1 left on base; Phoenix 0 - San Jose 6 |
BOTTOM OF THE 6TH |
San Jose Missions batting - Pitching for Phoenix Giants : RHP Terry Cornutt
|
Batting: LHB Jesus Valerio
|
0-0: Called Strike 0-1: Swinging Strike 0-2: Strikes out swinging
|
Batting: SHB Curt Bryan
|
0-0: Called Strike 0-1: Ball 1-1: Ground out 5-3 (Groundball, 56, EV 91.3 MPH)
|
Batting: RHB Pablo Cardiel
|
0-0: Ball 1-0: Ball 2-0: Called Strike 2-1: Fly out, F7 (Flyball, 78M, EV 86.3 MPH)
|
Bottom of the 6th over - 0 runs, 0 hits, 0 errors, 0 left on base; Phoenix 0 - San Jose 6 |
TOP OF THE 7TH |
Phoenix Giants batting - Pitching for San Jose Missions : RHP Tim Reynolds
|
Batting: RHB Paul Zuvella
|
0-0: Ball 1-0: Ball 2-0: Called Strike 2-1: Ground out 1-3 (Groundball, 34S, EV 65.0 MPH)
|
Batting: LHB Joseph Bruno
|
0-0: Ground out 6-3 (Groundball, 6, EV 87.5 MPH)
|
Batting: RHB Adam Veldman
|
0-0: Swinging Strike 0-1: Called Strike 0-2: Foul Ball, location: 2F 0-2: Ball 1-2: Foul Ball, location: 2F 1-2: Foul Ball, location: 2F 1-2: Ball 2-2: Ball 3-2: Foul Ball, location: 2F 3-2: Ground out 6-3 (Groundball, 6S, EV 68.8 MPH)
|
Top of the 7th over - 0 runs, 0 hits, 0 errors, 0 left on base; Phoenix 0 - San Jose 6 |
BOTTOM OF THE 7TH |
San Jose Missions batting - Pitching for Phoenix Giants : RHP Terry Cornutt
|
Batting: SHB Bip Roberts
|
0-0: Ball 1-0: Swinging Strike 1-1: Foul Ball, location: 2F 1-2: Fly out, F4 (Popup, 4MD, EV 57.5 MPH)
|
Batting: SHB David Piller
|
0-0: Called Strike 0-1: Swinging Strike 0-2: Strikes out swinging
|
Batting: RHB Ozzie Virgil
|
0-0: Foul Ball, location: 2F 0-1: Ball 1-1: Called Strike 1-2: Foul Ball, location: 2F 1-2: Strikes out swinging
|
Bottom of the 7th over - 0 runs, 0 hits, 0 errors, 0 left on base; Phoenix 0 - San Jose 6 |
TOP OF THE 8TH |
Phoenix Giants batting - Pitching for San Jose Missions : RHP Tim Reynolds
|
Batting: LHB Frank Gill
|
0-0: Ball 1-0: Ground out U3 (Groundball, 3, EV 82.5 MPH)
|
Batting: RHB Tom Wieghaus
|
0-0: Ball 1-0: Ball 2-0: Called Strike 2-1: Foul Ball, location: 2F 2-2: Ground out U3 (Groundball, 3, EV 86.3 MPH)
|
Batting: LHB Gordon Hahn
|
0-0: Ball 1-0: Ball 2-0: Ground out 4-3 (Groundball, 4, EV 101.9 MPH)
|
Top of the 8th over - 0 runs, 0 hits, 0 errors, 0 left on base; Phoenix 0 - San Jose 6 |
BOTTOM OF THE 8TH |
San Jose Missions batting - Pitching for Phoenix Giants : RHP Terry Cornutt
|
Batting: LHB Marvell Wynne
|
0-0: Ball 1-0: Foul Ball, location: 2F 1-1: Called Strike 1-2: Ball 2-2: Reached on error, E3 (Groundball, 34S, EV 89.4 MPH)
|
Pitching: RHP Phillip Welch
|
|
Batting: LHB Steven Michael
|
0-0: Called Strike 0-1: Called Strike 0-2: Ball 1-2: Foul Ball, location: 2F 1-2: Strikes out swinging
|
Batting: RHB Paul Runge
|
0-0: Foul Ball, location: 2F 0-1: Called Strike 0-2: Ball 1-2: Foul Ball, location: 2F 1-2: Ball 2-2: Foul Ball, location: 2F 2-2: Strikes out swinging
|
Batting: LHB Jesus Valerio
|
0-0: Called Strike Marvell Wynne is caught stealing 2nd base 2-6
|
Bottom of the 8th over - 0 runs, 0 hits, 1 error, 0 left on base; Phoenix 0 - San Jose 6 |
TOP OF THE 9TH |
Phoenix Giants batting - Pitching for San Jose Missions : RHP Tim Reynolds
|
Batting: LHB Bobby V Mitchell
|
0-0: Ball 1-0: Called Strike 1-1: Ball 2-1: Ball 3-1: Fly out, F7 (Line Drive, 7, EV 88.8 MPH)
|
Batting: LHB Ernie Riles
|
0-0: Ball 1-0: Called Strike 1-1: Fly out, F3 (Popup, 3SF, EV 77.5 MPH)
|
Batting: SHB John Macauley
|
0-0: Called Strike 0-1: Ball 1-1: Foul Ball, location: 2F 1-2: Ball 2-2: Ball 3-2: SINGLE (Flyball, 4D, EV 91.3 MPH)
|
Batting: RHB Paul Zuvella
|
0-0: Called Strike 0-1: Ball 1-1: Called Strike 1-2: Ball 2-2: Ground out 3-1 (Groundball, 3S, EV 62.5 MPH)
|
Top of the 9th over - 0 runs, 1 hit, 0 errors, 1 left on base; Phoenix 0 - San Jose 6 |
|